 Dungeon Crawl Stone Soup version 0.31-a0-705-ga145531891 (webtiles) character file.

Game seed: 7684888248721070295

4485 Demosthentine the Trooper (level 10, 0/71 HPs)
             Began as a Demonspawn Gladiator on Sept 9, 2023.
             Was a Follower of Hepliaklqana.
             Slain by a yak (6 damage)
             ... on level 8 of the Dungeon.
             The game lasted 00:10:16 (6296 turns).

Demosthentine the Trooper (Demonspawn Gladiator)    Turns: 6296, Time: 00:10:17

Health: 0/71       AC:  7    Str: 17    XL:     10   Next: 16%
Magic:  0/11       EV: 15    Int: 17    God:    Hepliaklqana [*.....]
Gold:   357        SH:  5    Dex: 17    Spells: 9/9 levels left

rFire   . . .        a - +1 trident
rCold   + . .        t - +0 buckler
rNeg    . . .        b - +0 leather armour
rPois   .            c - +1 helmet
rElec   .            l - scarf of the Kodama {harm, Regen+}
rCorr   .            (gloves unavailable)
SInv    .            i - +0 pair of boots
Will    .....        (no amulet)
Stlth   +            n - ring of protection from cold
HPRegen 1.11/turn    s - +6 ring of intelligence
MPRegen 0.24/turn

%: harm (+30% outgoing, +20% incoming), guardian spirit
@: about to teleport, hasted, very quick
A: reduced essence, demonic guardian 2, magic shield, magic regeneration, big
brain 1, demonic touch 3
a: Renounce Religion, Recall Ancestor, Ancestor Identity


You were on level 8 of the Dungeon.
You worshipped Hepliaklqana.
Hepliaklqana was aware of your devotion.
You visited 2 branches of the dungeon, and saw 9 of its levels.

You collected 478 gold pieces.
You spent 121 gold pieces at shops.

Inventory:

Hand Weapons
 a - a +1 trident (weapon)
Missiles
 d - 4 throwing nets (quivered)
 e - a javelin
Armour
 b - a +0 leather armour (worn)
 c - a +1 helmet (worn)
 i - a +0 pair of boots (worn)
 l - the scarf of the Kodama (worn) {harm, Regen+}
   (You found it on level 3 of the Dungeon)

   Regen+:    It increases your rate of health regeneration.
 t - a +0 buckler (worn)
Jewellery
 n - a ring of protection from cold (left hand)
 s - a +6 ring of intelligence (right hand)
 v - a +5 ring of evasion
Wands
 r - a wand of polymorph (22)
Scrolls
 g - 2 scrolls of enchant armour
 j - 2 scrolls of fear
 k - 2 scrolls of amnesia
 o - 2 scrolls of poison
 p - a scroll of immolation {unknown}
 u - a scroll of teleportation
Potions
 f - 4 potions of curing
 h - 4 potions of attraction
 m - 2 potions of haste
 q - a potion of lignification
 w - a potion of enlightenment
 x - a potion of heal wounds
 z - a potion of ambrosia


   Skills:
 + Level 7.3 Fighting
 + Level 7.0 Polearms
 - Level 1.7 Throwing
 - Level 6.0 Armour
 + Level 7.0 Dodging
 + Level 4.2 Shields
 + Level 2.4 Invocations


You had 9 spell levels left.
You didn't know any spells.
Your spell library contained the following spells:

 Spells                   Type           Power      Damage    Failure   Level
 Kiss of Death            Conj/Necr      0%         2d5       34%         1
 Summon Small Mammal      Summ           0%         N/A       34%         1
 Ensorcelled Hibernation  Hex/Ice        0%         N/A       47%         2
 Jinxbite                 Hex            0%         N/A       47%         2
 Static Discharge         Conj/Air       0%         2-2/arc   47%         2
 Call Canine Familiar     Summ           0%         N/A       71%         3
 Confusing Touch          Hex            0%         N/A       71%         3
 Summon Guardian Golem    Hex/Summ       0%         N/A       71%         3
 Airstrike                Air            0%         2d(0-16)  98%         4
 Anguish                  Hex/Necr       0%         N/A       98%         4
 Dispel Undead            Necr           0%         3d6       98%         4
 Summon Ice Beast         Ice/Summ       0%         N/A       98%         4
 Summon Lightning Spire   Summ/Air       0%         N/A       98%         4
 Summon Mana Viper        Hex/Summ       0%         N/A       100%        5
 Monstrous Menagerie      Summ           0%         N/A       100%        7


Dungeon Overview and Level Annotations

Branches:
Dungeon (8/15)             Temple (1/1) D:4
   Lair: D:8-11

Altars:
Ashenzari
Cheibriados
Dithmenos
Fedhas
Gozag
Hepliaklqana
Kikubaaqudgha
Makhleb
Nemelex Xobeh
Okawaru
Ru
Sif Muna
Trog
Uskayaw
Wu Jian
Xom

Shops:
D:4 [

Annotations:
D:8 Gastronok


Innate Abilities, Weirdness & Mutations

Your life essence is reduced to manifest your ancestor. (-10% HP)
A demonic guardian rushes to your aid.
When hurt, damage is shared between your health and your magic reserves.
You regenerate magic rapidly.
You have an unusually large brain. (Int +2)
Your touch may irresistibly damage your foes and sap their willpower.


Message History

As you read the scroll of teleportation, it crumbles to dust.
You feel strangely unstable.
You hear a shout!
Zarja hits Gastronok.
The yak gores you!
* * * LOW HITPOINT WARNING * * *
The gnoll hits you from afar with a +0 halberd!
* * * LOW HITPOINT WARNING * * *
Your hellwing hits Gastronok! Your hellwing hits Gastronok.
Unknown command.
Zarja hits Gastronok.
Unknown command.
Reach: a) +1 trident
Press: ? - help, Dir - move target, f - yak
Aim: a yak (about 24% to evade your +1 trident)
You reach to attack!
You hit the yak.
The yak is lightly wounded.
Your hellwing hits Gastronok! Your hellwing hits Gastronok.
Gastronok's eyestalks quiver as he mumbles some strange words.
Gastronok puts on a burst of speed!
Zarja hits Gastronok!
Unknown command.
Reach: a) +1 trident
Press: ? - help, Dir - move target, f/p - yak
Aim: a yak (lightly wounded, about 24% to evade your +1 trident)
You hit the yak.
The yak is moderately wounded.
The gnoll hits your hellwing with a +0 halberd.
Your hellwing hits Gastronok.
Your hellwing completely misses Gastronok.
You barely miss the yak.
The yak is moderately wounded.
Zarja hits Gastronok.
The yak gores you but does no damage.
The gnoll hits your hellwing with a +0 halberd.
Unknown command.
You closely miss the yak.
The yak is moderately wounded.
Your hellwing hits Gastronok. x2
Gastronok's eyestalks stretch out, then return to normal size.
Zarja hits Gastronok but does no damage.
The yak gores you.
You die...

.....##
......# ##
†.....# #$.
......# ...
gY .(.####
####.# g
.###### #.g..
Y ## #.# #4w#
.# .#
#.######
##R.####.# .#
#..<...#
#@Ygg.#..# .#
#..###.#
#####...# .#
##.## #.##
###..##
.###.<# #..#
###...##
......# ##.##
#...#..#
.....##
#..###.####.#
..#..#
##.#...# .#
..##.#
##.....## .#
..##.#
###..###.# .#


You could see the friendly Zarja the ancestor, Gastronok (swift, distracted,
ally target), a yak, 3 gnolls and a friendly hellwing (summoned).

Vanquished Creatures
  Pikel (D:4)
  A troll (D:7)
  The ghost of GloriousHammer the Skirmisher, a novice DEHs (D:5)
  Grinder (D:5)
  Sigmund (D:4)
  2 steam dragons (D:5)
  A yak (D:5)
  2 water moccasins
  Duvessa (D:5)
  Pargi (D:4)
  2 sky beasts (D:7)
  3 ogres
  The ghost of hgbash the Insei, an amateur DjSh (D:3)
  2 phantoms (D:5)
  A kobold brigand (D:7)
  5 bullfrogs
  4 scorpions
  A wight (D:6)
  Dowan (D:5)
  A centaur zombie (D:3)
  4 jellies
  A gnoll bouda (D:7)
  An orc priest (D:4)
  7 hounds
  A bullfrog skeleton (D:3)
  Terence (D:3)
  3 iguanas
  An orc wizard (D:3)
  A sleepcap (D:5)
  A howler monkey zombie (D:3)
  10 adders
  6 gnolls
  A shadow imp (D:7)
  2 white imps
  2 ufetubi (D:6)
  2 worms
  2 dart slugs (D:4)
  25 orcs
  5 ball pythons
  A bat (D:1)
  11 endoplasms
  8 giant cockroaches
  4 goblins
  10 hobgoblins
  A jackal (D:1)
  A quokka (D:4)
  4 frilled lizards
  13 kobolds
  9 rats
171 creatures vanquished.

Vanquished Creatures (collateral kills)
  A gnoll sergeant (D:7)
  An orc wizard (D:7)
  A gnoll (D:7)
  A dart slug (D:1)
  4 orcs
  A bat (D:1)
  A goblin (D:2)
10 creatures vanquished.

Vanquished Creatures (others)
  An ancestor (D:7)
1 creature vanquished.

Grand Total: 182 creatures vanquished

Notes
Turn   | Place    | Note
-------+----------+-------------------------------------------
     0 | D:1      | Demosthentine the Demonspawn Gladiator began the quest for
                  | the Orb.
     0 | D:1      | Reached XP level 1. HP: 16/16 MP: 1/1
   180 | D:1      | Gained mutation: A weak demonic guardian rushes to your
                  | aid. [demonic ancestry]
   180 | D:1      | Reached XP level 2. HP: 22/22 MP: 2/2
   325 | D:1      | Reached skill level 1 in Armour
   458 | D:1      | Reached XP level 3. HP: 28/28 MP: 3/3
   984 | D:2      | Gained mutation: Your touch may inflict minor irresistible
                  | damage on your foes. [demonic ancestry]
   984 | D:2      | Reached XP level 4. HP: 34/34 MP: 4/4
  1691 | D:3      | Noticed Terence
  1710 | D:3      | Killed Terence
  1831 | D:3      | Found a hide-covered altar of Uskayaw.
  1973 | D:3      | Identified the scarf of the Kodama {harm, Regen+}
  2034 | D:3      | Gained mutation: Your touch may inflict irresistible damage
                  | on your foes. [demonic ancestry]
  2034 | D:3      | Reached XP level 5. HP: 41/41 MP: 5/5
  2128 | D:3      | Found an opulent altar of Gozag.
  2152 | D:3      | Found a transporter.
  2154 | D:3      | Noticed hgbash's ghost (amateur DjSh)
  2157 | D:3      | Found a transporter.
  2187 | D:3      | Found a shimmering altar of Xom.
  2656 | D:3      | Killed hgbash's ghost
  2659 | D:3      | Gained mutation: You have an unusually large brain. (Int
                  | +2) [demonic ancestry]
  2659 | D:3      | Reached XP level 6. HP: 47/47 MP: 6/6
  2825 | D:4      | Noticed Pargi
  2831 | D:4      | Killed Pargi
  3048 | D:4      | Gained mutation: You regenerate magic rapidly. [demonic
                  | ancestry]
  3048 | D:4      | Reached XP level 7. HP: 48/54 MP: 7/7
  3245 | D:4      | Noticed Sigmund
  3247 | D:4      | Found a staircase to the Ecumenical Temple.
  3254 | D:4      | Killed Sigmund
  3290 | D:4      | Noticed Pikel
  3291 | D:4      | Found Jughulaxy's Antique Armour Shoppe.
  3303 | D:4      | Killed Pikel
  3304 | D:4      | Reached skill level 5 in Fighting
  3304 | D:4      | Reached skill level 5 in Polearms
  3304 | D:4      | Reached skill level 5 in Dodging
  3304 | D:4      | Gained mutation: When hurt, damage is shared between your
                  | health and your magic reserves. [demonic ancestry]
  3304 | D:4      | Reached XP level 8. HP: 35/62 MP: 8/8
  3333 | D:4      | Bought a buckler for 121 gold pieces
  3460 | Temple   | Entered the Ecumenical Temple
  3512 | D:5      | Entered Level 5 of the Dungeon
  3597 | D:5      | Found a transporter.
  3608 | D:5      | Noticed GloriousHammer's ghost (novice DEHs)
  3610 | D:5      | Reached skill level 1 in Shields
  4068 | D:5      | Found a transporter.
  4096 | D:5      | Noticed Grinder
  4097 | D:5      | Noticed Duvessa
  4097 | D:5      | Noticed Dowan
  4121 | D:5      | Paralysed by Grinder for 4 turns
  4128 | D:5      | Killed Grinder
  4129 | D:5      | Reached skill level 5 in Armour
  4129 | D:5      | Gained mutation: Your touch may irresistibly damage your
                  | foes and sap their willpower. [demonic ancestry]
  4129 | D:5      | Reached XP level 9. HP: 8/69 MP: 1/9
  4132 | D:5      | Killed Duvessa
  4138 | D:5      | Killed Dowan
  4478 | D:5      | Killed GloriousHammer's ghost
  4578 | Temple   | Became a worshipper of Hepliaklqana the Forgotten
  4658 | D:6      | Found a snail-covered altar of Cheibriados.
  5262 | D:7      | Found a burning altar of Makhleb.
  5366 | D:7      | Reached skill level 1 in Invocations
  5382 | D:7      | Reached * piety under Hepliaklqana
  5470 | D:7      | Gained mutation: A demonic guardian rushes to your aid.
                  | [demonic ancestry]
  5470 | D:7      | Reached XP level 10. HP: 64/71 MP: 8/10
  6280 | D:8      | Noticed Gastronok
  6290 | D:8      | HP: 1/71 [gnoll/+0 halberd[a gnoll sergeant] (12)]
  6296 | D:8      | Slain by a yak

Illustrated notes

Levels and vault maps discovered:
D:1:      dpeg_arrival_signposts, layout_rooms, minmay_small_reverse_x
D:2:      minmay_angry_zag, layout_basic, hangedman_decor_points
D:3:      layout_loops_corners, nicolae_gozag_seed_capital, lemuel_tele_altar,
          old_standard_altar, tso_oasis_becter, gammafunk_ghost_mausoleum,
          grunt_ministairs_6, dreamdust_princess_corridor, uniq_terence
D:4:      layout_basic, minmay_temple_entry_junction, serial_shops, shop,
          uniq_sigmund, uniq_pargi, uniq_pikel
D:5:      kennysheep_steamy, layout_basic, gammafunk_ghost_arena,
          grunt_decor_arrowhead, uniq_grinder, uniq_duvessa
D:6:      layout_loops_ring, slow_altar_2, st_stairs_14
D:7:      layout_loops_cross, mainiacjoe_overflow_paths, nicolae_grassy_gnolls
D:8:      layout_rooms, nicolae_yredelemnul_ghost_church, uniq_gastronok
Temple:   cyrus_circular_temple

Skill      XL: |  1  2  3  4  5  6  7  8  9 10 |
---------------+-------------------------------+-----
Dodging        | 3 4 5 6 7 |  7.0
Polearms       | 3 4 5 6 7 |  7.0
Armour         | 1 2 3 4 5 6 |  6.0
Fighting       | 3 4 5 6 7 |  7.3
Shields        | 2 3 4 |  4.2
Invocations    | 1 2 |  2.4
Throwing       | |  1.7

Action                     |  1- 3 |  4- 6 |  7- 9 | 10-12 || total
---------------------------+-------+-------+-------+-------++-------
  Melee: Trident           |   105 |   130 |   245 |    72 ||   552
         Touch             |       |    18 |    48 |     4 ||    70
         Punch             |       |       |     1 |       ||     1
  Throw: Throwing net      |       |       |     1 |       ||     1
    Use: Scroll            |     5 |     6 |     6 |     4 ||    21
         Potion            |       |     1 |     5 |     1 ||     7
   Stab: Sleeping          |     3 |     1 |     3 |       ||     7
         Distracted        |       |       |     1 |       ||     1
 Armour: Leather armour    |    53 |    46 |   115 |    36 ||   250
  Dodge: Dodged            |    48 |    59 |   111 |    26 ||   244
  Block: Buckler           |       |       |       |     2 ||     2

Table legend: (Time is in decaauts)
 A = Elapsed time spent in this place.
 B = Non-inter-level travel time spent in this place.
 C = Inter-level travel time spent in this place.
 D = Time resting spent in this place.
 E = Time spent auto-exploring this place.
 F = Levels seen in this place.
 G = Mean time per level.
                   A        B        C        D        E       F      G
               +--------+--------+--------+--------+--------+-----+--------+
         Total |   6275 |   5968 |    307 |     29 |   4683 |   9 |  697.2 |
       Dungeon |   6229 |   5945 |    284 |     29 |   4683 |   8 |  778.6 |
        Temple |     46 |     23 |     23 |      0 |      0 |   1 |   46.0 |
               +--------+--------+--------+--------+--------+-----+--------+

Top non-repeatable levels by time:
     D:3: 1023 daAuts
     D:5: 1009 daAuts
     D:2: 879 daAuts
     D:4: 835 daAuts
     D:1: 819 daAuts
     D:7: 735 daAuts
     D:6: 632 daAuts
     D:8: 292 daAuts
  Temple: 46 daAuts
